 Dungeon Sprint DCSS version 0.29-a0-512-gf59ac788ac (webtiles) character file.

Game seed: 6171907609842750976

2495 mhtbhm the Grappler (level 9, -25/84 HPs)
             Began as a White Draconian Transmuter on May 29, 2022.
             Was an Initiate of Gozag.
             Annihilated by a boulder beetle (28 damage)
             ... in the Dungeon (Sprint IX: "|||||||||||||||||||||||||||||").
             The game lasted 00:02:05 (816 turns).

mhtbhm the Grappler (White Draconian Transmuter)     Turns: 816, Time: 00:02:07

Health: -25/84     AC:  8    Str: 14    XL:     9   Next: 28%
Magic:  18/21      EV: 16    Int: 17    God:    Gozag
Gold:   375        SH:  0    Dex: 11    Spells: 15/25 levels left

rFire   x . .      SeeInvis .     - Unarmed
rCold   + + +      Faith    .   (shield currently unavailable)
rNeg    . . .      Spirit   .   (body armour unavailable)
rPois   +          Reflect  .   (helmet currently unavailable)
rElec   .          Harm     .   (cloak currently unavailable)
rCorr   .          Rampage  .   (gloves currently unavailable)
Will    .....      NoTele   +   (boots currently unavailable)
Stlth   ++........              (no amulet)
HPRegen 0.24/turn               k - +2 ring of evasion
MPRegen 0.17/turn               l - +2 ring of evasion

@: mighty, brilliant, ice-form
A: freezing attack, amphibious, boosted hp, (breathe frost), AC +7, large,
unfitting armour, (cold resistance 1), (cold-blooded)
a: End Transformation, Renounce Religion, Potion Petition, Call Merchant, Bribe
Branch


You were in the Dungeon.
You worshipped Gozag.
Gozag was aware of your devotion.
You were a creature of crystalline ice.
You visited 1 branch You collected 1026 gold pieces.
You paid 651 gold pieces to Gozag.

Inventory:

Armour
 j - a +0 pair of gloves (melded)
Jewellery
 k - a +2 ring of evasion (left front paw)
 l - a +2 ring of evasion (right front paw)
Wands
 i - a wand of acid (6)
Scrolls
 g - 2 scrolls of blinking
 h - 2 scrolls of amnesia
Potions
 a - a potion of lignification
 b - 5 potions of curing
 c - a potion of invisibility
 d - a potion of haste
 e - 4 potions of magic


   Skills:
 + Level 3.6 Fighting
 + Level 7.5 Dodging
 + Level 1.8 Stealth
 + Level 14.8 Unarmed Combat
 + Level 8.6 Spellcasting
 + Level 8.7 Transmutations
 + Level 4.4 Ice Magic
 + Level 1.4 Evocations


You had 15 spell levels left.
You knew the following spells:

 Your Spells              Type           Power      Damage    Failure   Level
a - Beastly Appendage     Tmut           100%       N/A       1%          1
b - Wereblood             Tmut           53%        N/A       1%          2
c - Spider Form           Tmut/Pois      33%        N/A       4%          3
d - Ice Form              Ice/Tmut       44%        N/A       7%          4

Your spell library contained the following spells:

 Spells                   Type           Power      Damage    Failure   Level


Dungeon Overview and Level Annotations

Branches:
Dungeon (1/1)

Altars:
Cheibriados
Dithmenos
Elyvilon
Fedhas
Gozag
Hepliaklqana
Kikubaaqudgha
Makhleb
Nemelex Xobeh
Okawaru
Qazlal
Ru
Sif Muna
Trog
Uskayaw
Vehumet
Wu Jian
Xom
Yredelemnul
Zin
The Shining One
Beogh
Jiyva
Lugonu


Innate Abilities, Weirdness & Mutations

You are a creature of crystalline ice.
You have a powerful freezing melee attack.
You are amphibious.
Your maximum health is increased.
Your armour is entirely melded.
You are incapable of wielding weapons or throwing items.
((You can breathe waves of freezing cold which knock back foes.))
((Your icy white scales are hard. (AC +7)))
You cannot fit into any form of body armour.
((Your flesh is cold resistant. (rC+)))
((You are cold-blooded and may be slowed by cold attacks.))


Message History

The boulder beetle curls into a ball and begins rolling!
You see here a +0 plate armour.
The boulder beetle hits you!!!
Ouch! That really hurt!
* * * LOW HITPOINT WARNING * * *
The boulder beetle stops rolling and uncurls.
You are too injured to fight recklessly!
You are too injured to fight recklessly!
You are too injured to fight recklessly!
You are too injured to fight recklessly!
You are too injured to fight recklessly!
You are too injured to fight recklessly!
You are too injured to fight recklessly!
You are too injured to fight recklessly!
You are too injured to fight recklessly!
You are too injured to fight recklessly!
You are too injured to fight recklessly!
You are too injured to fight recklessly!
You are too injured to fight recklessly!
You are too injured to fight recklessly!
Unknown command.
Press: ? - help, v - describe, . - travel
Here: a boulder beetle (severely wounded)
The floor.
Unknown command.
Okay, then. [a] - 192 gold - might and brilliance [b] - 696 gold - resistance, might and haste [c] - 476 gold - lignification, might and resistance Purchase which effect?
You don't have enough gold for that! [a] - 192 gold - might and brilliance [b] - 696 gold - resistance, might and haste [c] - 476 gold - lignification, might and resistance Purchase which effect?
You no longer have enough gold to petition Gozag for potion effects.
You feel very mighty all of a sudden.
You feel clever all of a sudden. The boulder beetle bites you!!
You die...
Your body crumbles into a pile of gold. $$$$$$$ $$$$$ $ $ $ $$$$$ $ ▓▓▓▓▓▓▓▓▓▓▓▓▓▓▓▓▓▓▓▓▓▓▓▓▓▓▓▓▓▓▓▓▓ ________'..).°[[YB°).....'.)....+ ▓▓▓▓▓▓▓▓▓▓▓▓▓▓▓▓▓▓▓▓▓▓▓▓▓▓▓▓▓▓▓▓▓

You could see a boulder beetle.

Vanquished Creatures
  2 ugly things (D)
  2 gargoyles (D)
  2 trolls (D)
  A wraith (D)
  A yak (D)
  2 acid dragons (D)
  An ice beast (D)
  A scorpion (D)
  An orc wizard (D)
  An adder (D)
  A shadow imp (D)
  3 bats (D)
  A frilled lizard (D)
  A rat (D)
20 creatures vanquished.

Vanquished Creatures (others)
  An orc wizard (D)
1 creature vanquished.

Grand Total: 21 creatures vanquished

Notes
Turn   | Place    | Note
-------+----------+-------------------------------------------
     0 | D        | mhtbhm the Draconian Transmuter began the quest for the
                  | Orb.
     0 | D        | Reached XP level 1. HP: 16/16 MP: 3/3
    32 | D        | Noticed an orc wizard
    32 | D        | Noticed a scorpion
    32 | D        | Noticed an ice beast
    45 | D        | Killed an orc wizard
    46 | D        | Reached skill level 5 in Unarmed Combat
    46 | D        | Reached XP level 2. HP: 16/23 MP: 3/5
    46 | D        | Reached XP level 3. HP: 19/28 MP: 4/7
    58 | D        | Killed a scorpion
    59 | D        | Reached skill level 7 in Unarmed Combat
    59 | D        | Reached XP level 4. HP: 27/35 MP: 4/9
    61 | D        | Killed an ice beast
    62 | D        | Reached skill level 8 in Unarmed Combat
    62 | D        | Reached XP level 5. HP: 32/41 MP: 4/11
   204 | D        | Found a snail-covered altar of Cheibriados.
   204 | D        | Found a shadowy altar of Dithmenos.
   204 | D        | Found a white marble altar of Elyvilon.
   204 | D        | Found a blossoming altar of Fedhas.
   204 | D        | Found an opulent altar of Gozag.
   205 | D        | Found a hazy altar of Hepliaklqana.
   206 | D        | Found a viscous altar of Jiyva.
   207 | D        | Found an ancient bone altar of Kikubaaqudgha.
   208 | D        | Found a corrupted altar of Lugonu.
   209 | D        | Found a burning altar of Makhleb.
   210 | D        | Found a sparkling altar of Nemelex Xobeh.
   211 | D        | Found an iron altar of Okawaru.
   212 | D        | Became a worshipper of Gozag Ym Sagoz the Greedy
   213 | D        | Found a stormy altar of Qazlal.
   214 | D        | Found a sacrificial altar of Ru.
   215 | D        | Found a shimmering blue altar of Sif Muna.
   216 | D        | Found a bloodstained altar of Trog.
   217 | D        | Found a hide-covered altar of Uskayaw.
   218 | D        | Found a radiant altar of Vehumet.
   219 | D        | Found an ornate altar of the Wu Jian Council.
   220 | D        | Found a shimmering altar of Xom.
   221 | D        | Found a basalt altar of Yredelemnul.
   222 | D        | Found a glowing silver altar of Zin.
   223 | D        | Found a glowing golden altar of the Shining One.
   227 | D        | Learned a level 2 spell: Wereblood
   231 | D        | Learned a level 3 spell: Spider Form
   236 | D        | Learned a level 4 spell: Ice Form
   403 | D        | Noticed a yak
   403 | D        | Noticed a troll
   403 | D        | Noticed a gargoyle
   403 | D        | Noticed an acid dragon
   403 | D        | Noticed a wraith
   407 | D        | Killed a yak
   408 | D        | Reached skill level 10 in Unarmed Combat
   408 | D        | Reached skill level 5 in Spellcasting
   408 | D        | Reached skill level 5 in Transmutations
   408 | D        | Reached XP level 6. HP: 48/48 MP: 7/14
   412 | D        | Killed a troll
   413 | D        | Reached skill level 5 in Dodging
   413 | D        | Reached skill level 11 in Unarmed Combat
   413 | D        | Reached skill level 1 in Ice Magic
   413 | D        | Your scales start taking on an icy white colour.
   413 | D        | Reached XP level 7. HP: 39/55 MP: 8/16
   413 | D        | Gained mutation: Your flesh is cold resistant. (rC+) [White
                  | Draconian growth]
   416 | D        | Killed a gargoyle
   417 | D        | Reached skill level 12 in Unarmed Combat
   423 | D        | Killed a wraith
   424 | D        | Reached skill level 1 in Stealth
   424 | D        | Reached XP level 8. HP: 46/62 MP: 9/18
   553 | D        | Noticed a boulder beetle
   553 | D        | Noticed a purple ugly thing
   553 | D        | Noticed a gargoyle
   553 | D        | Noticed a white ugly thing
   553 | D        | Noticed a troll
   565 | D        | Killed a purple ugly thing
   566 | D        | Reached skill level 13 in Unarmed Combat
   569 | D        | Killed a purple ugly thing
   572 | D        | Reached skill level 14 in Unarmed Combat
   572 | D        | Reached XP level 9. HP: 32/70 MP: 15/21
   574 | D        | Killed a gargoyle
   575 | D        | Reached skill level 1 in Evocations
   575 | D        | Killed a troll
   815 | D        | HP: 3/84 [boulder beetle (48)]
   816 | D        | Annihilated by a boulder beetle

Illustrated notes

Levels and vault maps discovered:
D:        linesprint [early_d, line_temple, items_1, d_10, items_2, lair_1,
          lair_end, items_3, orc_1, orc_end, items_4, d_15, swamp_1, shoals_1,
          snake_1, spider_1, d_20, vaults_1, items_5, swamp_end, shoals_end,
          snake_end, spider_end, vaults_end, d_27, items_6, zot_1, zot_end,
          crypt_end, forest_end, elf_end, slime_end, tomb_end, abyss_end,
          pan_hell_end]

Skill      XL: |  1  2  3  4  5  6  7  8  9 |
---------------+----------------------------+-----
Dodging        | 2 3 4 5 6 7 |  7.5
Unarmed Combat | 5 7 8 10 11 12 14 | 14.8
Spellcasting   | 3 4 5 6 7 8 |  8.6
Transmutations | 3 4 5 6 7 8 |  8.7
Fighting       | 2 3 |  3.6
Ice Magic      | 1 2 4 |  4.4
Stealth        | 1 |  1.8
Evocations     | 1 |  1.4

Action                   |  1- 3 |  4- 6 |  7- 9 || total
-------------------------+-------+-------+-------++-------
Melee: Unarmed           |    28 |    14 |    23 ||    65
       Kick              |     5 |       |       ||     5
       Tailslap          |     3 |     2 |       ||     5
       Headbutt          |     5 |       |       ||     5
       Punch             |       |       |     4 ||     4
 Cast: Beastly Appendage |     3 |       |       ||     3
       Ice Form          |       |     1 |     2 ||     3
       Wereblood         |       |     1 |     1 ||     2
Invok: Potion Petition   |       |       |     2 ||     2
Evoke: Wand              |       |       |     4 ||     4
  Use: Potion            |     2 |       |     2 ||     4
Armor: Skin              |     9 |     2 |     4 ||    15
Dodge: Dodged            |    11 |    11 |     4 ||    26

Table legend: (Time is in decaauts)
 A = Elapsed time spent in this place.
 B = Non-inter-level travel time spent in this place.
 C = Inter-level travel time spent in this place.
 D = Time resting spent in this place.
 E = Time spent auto-exploring this place.
 F = Levels seen in this place.
 G = Mean time per level.
                   A        B        C        D        E       F      G
               +--------+--------+--------+--------+--------+-----+--------+
         Total |    812 |    812 |      0 |    612 |      0 |   1 |  812.0 |
       Dungeon |    812 |    812 |      0 |    612 |      0 |   1 |  812.0 |
               +--------+--------+--------+--------+--------+-----+--------+

Top non-repeatable levels by time:
       D: 812 daAuts
